Map: Année zéro EC

Players

Sorandom

  • Race: Zerg Zerg
  • League: Diamond
  • Spawn Location: 11:00

DanDeSmith - Winner!

  • Race: Terran Terran
  • League: Diamond
  • Spawn Location: 1:00

VOD

Have the link to the VOD?

Description

Time

  • Played on: April 4, 2019, 7:10 p.m.
  • Length: 4:07
Show
View Real Time Build Order
Export as new Build Order

Sorandom Zerg 

Build Orders: Pool First 

Get SALT Encoding   

  12  0:01  Drone  
  13  0:13  Overlord  
  13  0:21  Drone  
  14  0:32  Drone x2  
  16  0:36  Drone  
  17  0:50  Spawning Pool  
  17  0:55  Drone  
  17  1:00  Extractor  
  17  1:02  Drone  
  17  1:22  Hatchery  
  17  1:24  Drone  
  17  1:28  Drone  
  18  1:38  Zergling x2  
  19  1:40  Overlord  
  19  1:50  Queen  
  21  1:55  Drone  
  22  2:02  Drone  
  23  2:11  Metabolic Boost  
  23  2:13  Drone  
  24  2:23  Drone  
  24  2:25  Queen  
  27  2:34  Overlord  
  27  2:39  Drone  
  28  2:44  Drone  
  28  2:50  Baneling Nest  
  28  2:53  Drone  
  28  2:56  Zergling x2  
  30  3:01  Zergling x4  
  30  3:02  Zergling x4  
  34  3:10  Zergling x4  
  36  3:20  Zergling x4  
  38  3:30  Zergling x8  
  42  3:39  Drone  
  42  3:40  Drone  
  44  3:45  Overlord  
  44  3:53  Hatchery  
Show
View Real Time Build Order
Export as new Build Order

DanDeSmith Terran - Winner!

Build Orders:  

Get SALT Encoding   

  12  0:02  SCV  
  13  0:14  SCV  
  14  0:18  Supply Depot  
  14  0:26  SCV  
  15  0:30  Refinery  
  15  0:40  SCV  
  16  0:47  Barracks  
  16  0:52  SCV  
  17  1:04  SCV  
  18  1:16  SCV  
  19  1:35  Factory  
  19  1:38  Orbital Command  
  19  1:41  Marine  
  20  1:56  Supply Depot  
  20  2:01  Barracks Reactor  
  20  2:09  SCV  
  20  2:10  Refinery  
  21  2:23  Widow Mine  
  21  2:24  SCV  
  24  2:38  Command Center  
  24  2:52  SCV  
  24  2:57  Hellion x2  
  29  3:08  Barracks Tech Lab  
  29  3:09  SCV  
  30  3:13  Supply Depot  
  30  3:19  Engineering Bay  
  30  3:21  Engineering Bay  
  30  3:27  SCV  
  31  3:35  Hellion x2  
  31  3:40  Marine  
  36  3:44  SCV  
  36  3:47  Supply Depot  
Tags
 
Matchup
TvZ
Opening
Pool First
Replay Pack
Pack 2
Spawn Locations
Close Positions
Add a new tag
Caveats
  • Supply blocks, unpowered buildings, or Contaminate may cause inaccurate times.
  • Supply counts are checked every 10 seconds.